 Dungeon Crawl Stone Soup version 0.27-a0-1202-ge72e49191c (webtiles) character file.

Game seed: 11411316737693868545

132972 saggybeans the Grappler (level 16, -10/155 (156) HPs)
             Began as a Troll Earth Elementalist on June 3, 2021.
             Was the Champion of Cheibriados.
             Mangled by a merfolk
             ... wielding a +0 trident
              (24 damage)
             ... on level 3 of the Shoals on June 4, 2021.
             The game lasted 04:49:32 (31230 turns).

saggybeans the Grappler (Troll Earth Elementalist) Turns: 31230, Time: 04:49:32

HP:   -10/155 (156) AC: 27    Str: 38    XL:     16   Next: 58%
MP:   1/24          EV: 14    Int: 30    God:    Cheibriados [******]
Gold: 1146          SH:  0    Dex: 30    Spells: 2/27 levels left

rFire    . . .     SeeInvis .     - Unarmed
rCold    . . .     Faith    +   (no shield)
rNeg     + . .     Spirit   .   P - +4 storm dragon scales
rPois    +         Reflect  .   J - +2 hat
rElec    +         Harm     .   D - +2 cloak
rCorr    .         Rampage  .   (gloves unavailable)
Will     +....                  (boots unavailable)
Stlth    ..........             R - amulet of Cemno {Faith rPois rN+ Regen+}
HPRegen  2.35/turn              O - ring of wizardry
MPRegen  0.19/turn              w - ring "Uduequ" {AC+4 Str+2 Dex+5}

@: lethally poisoned (-10 -> -10), lit by a corona, sleeping, afraid, glowing,
studying Throwing, lightly drained, very slow
A: large, unfitting armour, claws 3, regeneration 1, shaggy fur 1, tough skin 1
a: Renounce Religion, Bend Time, Temporal Distortion, Slouch, Step From Time


You were on level 3 of the Shoals.
You worshipped Cheibriados.
Cheibriados was exalted by your worship.
You visited 5 branches of the dungeon, and saw 27 of its levels.
You also visited: Sewer and Bailey.

You collected 3134 gold pieces.
You spent 1988 gold pieces at shops.

Inventory:

Hand Weapons
 v - a +1 vorpal hunting sling
Missiles
 b - 631 stones
 j - 8 curare-tipped darts
 q - 101 poisoned darts
 t - 5 silver boomerangs
 B - 2 atropa-tipped darts
 M - 61 boomerangs
 T - a throwing net
 V - 6 javelins
 W - 18 large rocks
 Y - 7 boomerangs of dispersal
Armour
 D - a +2 cloak (worn)
 J - a +2 hat (worn)
 P - +4 storm dragon scales (worn)
Magical Staves
 a - a staff of earth
Jewellery
 c - a ring of protection from cold
 n - a ring of positive energy
 w - the ring "Uduequ" (right claw) {AC+4 Str+2 Dex+5}
   (You bought it in a shop on level 2 of the Orcish Mines)

   [ring of protection]

   It affects your AC (+4).
   It affects your strength (+2).
   It affects your dexterity (+5).
 y - an amulet of magic regeneration
 A - a ring of protection from cold
 O - a ring of wizardry (left claw)
 R - the amulet of Cemno (around neck) {Faith rPois rN+ Regen+}
   (You bought it in a shop on level 7 of the Dungeon)

   [amulet of faith]

   It allows you to gain divine favour quickly.
   It protects you from poison.
   It protects you from negative energy.
   It increases your rate of health regeneration.
 S - a ring of poison resistance
 X - a ring of resist corrosion
Wands
 f - a wand of iceblast (12)
 g - a wand of flame (81)
 m - a wand of acid (7)
 C - a wand of paralysis (24)
 G - a wand of charming (9)
Scrolls
 e - 3 scrolls of magic mapping
 h - 6 scrolls of immolation
 k - a scroll of enchant weapon
 r - 9 scrolls of teleportation
 z - 5 scrolls of amnesia
 E - 3 scrolls of fear
 I - a scroll of silence
 L - 8 scrolls of identify
 N - 2 scrolls of fog
 U - a scroll of blinking
Potions
 d - 2 potions of mutation
 i - 12 potions of curing
 l - 5 potions of flight
 o - 3 potions of magic
 p - 2 potions of might
 s - 3 potions of brilliance
 u - 3 potions of cancellation
 x - 2 potions of ambrosia
 F - a potion of resistance
 H - 3 potions of attraction
 K - a potion of invisibility
 Q - 2 potions of heal wounds
 Z - 3 potions of lignification


   Skills:
 + Level 9.4 Fighting
 + Level 10.9 Throwing
 - Level 6.0 Armour
 - Level 8.0 Dodging
 - Level 1.0 Stealth
 + Level 13.3 Unarmed Combat
 - Level 6.0 Spellcasting
 - Level 1.0 Conjurations
 - Level 4.5 Summonings
 - Level 2.0 Translocations
 - Level 2.0 Transmutations
 - Level 4.0 Air Magic
 + Level 9.4 Earth Magic
 - Level 3.0 Poison Magic
 + Level 10.5 Invocations
 - Level 2.0 Evocations


You had 2 spell levels left.
You knew the following spells:

 Your Spells              Type           Power      Damage    Failure   Level
a - Sandblast             Erth           100%       2d20      1%          1
b - Passwall              Tmut/Erth      35%        N/A       1%          2
c - Stone Arrow           Conj/Erth      80%        3d12      2%          3
d - Mephitic Cloud        Conj/Pois/Air  24%        N/A       8%          3
e - Lee's Rapid Deconstr  Erth           30%        3d17*     4%          5
f - Lesser Beckoning      Tloc           10%        N/A       10%         3
g - Summon Lightning Spi  Summ/Air       34%        N/A       12%         4
h - Petrify               Tmut/Erth      43%        N/A       7%          4

Your spell library contained the following spells:

 Spells                   Type           Power      Damage    Failure   Level
 Sting                    Tmut/Pois      96%        1d7       2%          1
 Poisonous Vapours        Pois/Air       60%        N/A       2%          2
 Apportation              Tloc           42%        N/A       3%          1
 Animate Skeleton         Necr           18%        N/A       8%          1
 Corona                   Hex            10%        N/A       8%          1
 Pain                     Necr           36%        1d5       8%          1
 Slow                     Hex            9%         N/A       11%         2
 Swiftness                Air            33%        N/A       4%          3
 Gell's Gravitas          Tloc           10%        N/A       10%         3
 Leda's Liquefaction      Hex/Erth       18%        N/A       11%         4
 Ignite Poison            Fire/Tmut/Pois 18%        N/A       12%         3
 Portal Projectile        Hex/Tloc       30%        N/A       14%         3
 Confusing Touch          Hex            9%         N/A       21%         3
 Inner Flame              Hex/Fire       9%         N/A       21%         3
 Tukima's Dance           Hex            9%         N/A       21%         3
 Vampiric Draining        Necr           4%         2d6       21%         3
 Olgreb's Toxic Radiance  Pois           27%        N/A       21%         4
 Passage of Golubria      Tloc           N/A        N/A       30%         4
 Animate Dead             Necr           4%         N/A       54%         4
 Cause Fear               Hex            4%         N/A       54%         4
 Alistair's Intoxication  Tmut/Pois      16%        N/A       54%         5
 Silence                  Hex/Air        10%        N/A       61%         5
 Yara's Violent Unravell  Hex/Tmut       7%         3d5       75%         5
 Agony                    Necr           9%         N/A       86%         5
 Metabolic Englaciation   Hex/Ice        4%         N/A       86%         5
 Conjure Ball Lightning   Conj/Air       12%        3x3d6     98%         6
 Invisibility             Hex            9%         N/A       100%        6
 Tornado                  Air            16%        N/A       100%        9


Dungeon Overview and Level Annotations

Branches:
Dungeon (13/15)            Temple (0/1) D:4            Lair (5/6) D:8
 Shoals (3/4) Lair:4        Snake (4/4) Lair:2        Slime (0/5) Lair:5
    Orc (2/2) D:11            Elf (0/3) Orc:2        Vaults (0/5) D:13
  Sewer (visited)          Bailey (visited)

Altars:
Ashenzari
Cheibriados
Dithmenos
Hepliaklqana
Kikubaaqudgha
Makhleb
Okawaru
Qazlal
Ru
Uskayaw
Wu Jian
Zin
Beogh

Shops:
D:7 =   D:12 *   Orc:1 *   Orc:2 =*[(   Snake:1 ?[(

Annotations:
D:3 Sigmund
D:7 exclusion: door
D:11 exclusion: boulder beetle
Lair:3 Gastronok
Shoals:1 2 transporters, exclusion: orange crystal statue, Josephine
Snake:4 Mara


Innate Abilities, Weirdness & Mutations

You are too large for most types of armour.
You have claws for hands.
Your natural rate of healing is unusually fast.
You are covered in fur. (AC +1)
You have tough skin. (AC +1)


Message History

The water elemental is severely damaged.
You feel your willpower return.
You feel sick.
The merfolk is engulfed in noxious fumes.
The merfolk hits you but does no damage.
The merfolk completely misses you. The water elemental barely misses you.
You catch the helpless merfolk completely off-guard!
You claw the merfolk!
You kill the merfolk!
Cheibriados appreciates the change of pace.
You feel sick.
The faun points at you and mumbles some strange words.
You resist with significant effort.
The faun is engulfed in noxious fumes.
The faun points at you and mumbles some strange words.
You resist with significant effort.
The merfolk is engulfed in noxious fumes.
The merfolk appears confused.
The merfolk hits you from afar with a +0 trident.
The water elemental closely misses you.
You mangle the water elemental!!
You destroy the water elemental!
Cheibriados thoroughly appreciates the change of pace.
You feel sick. The faun closely misses you.
The faun hits you but does no damage.
The faun is engulfed in noxious fumes.
The faun appears confused.
The faun hits the faun with a +0 spear!
The satyr is engulfed in noxious fumes.
The merfolk barely misses you.
You attempt to attack the satyr, but flinch away in fear!
You feel sick.
The merfolk hits you from afar with a +0 trident.
The faun hits you from afar with a +0 spear!!
* * * LOW HITPOINT WARNING * * *
The faun hits you from afar with a +1 spear of venom!
* * * LOW HITPOINT WARNING * * *
The faun is engulfed in noxious fumes.
The faun appears confused.
The satyr is engulfed in noxious fumes.
The satyr plays a lulling melody on his pipes!
You fall asleep.
You feel sick.
The merfolk hits you from afar with a +0 trident!!
You die...

≈≈≈≈≈≈≈≈≈≈≈≈≈≈≈≈≈≈
≈...≈≈≈≈≈≈≈≈≈≈≈≈≈≈
≈≈≈≈≈.≈≈≈≈≈<≈...≈≈≈
≈≈≈≈≈≈≈≈≈≈≈≈≈...≈≈≈
≈≈≈≈≈≈≈≈≈.......≈≈≈
≈≈≈......<).....≈≈≈
≈≈≈≈..##..###..≈≈≈≈
≈≈≈[.°c.)..##.≈≈≈≈≈
.##..°.@.....≈≈≈≈≈
#(c°cm...≈≈≈≈≈≈≈
..).).mc..≈≈≈≈≈≈.≈≈
.......≈≈≈≈≈≈≈≈≈≈≈≈
.)..##.≈≈≈≈≈≈≈≈≈≈≈≈
.... #(≈≈≈≈≈≈≈≈≈≈≈≈
... #..≈≈≈≈≈≈≈≈≈≈≈
. ..≈≈≈≈≈≈≈≈≈≈≈≈
.≈≈≈≈≈≈≈≈≈≈≈≈


You could see a satyr (scary), 2 merfolk and 3 fauns.

Vanquished Creatures
  Vashnia (Snake:3)
  A kraken (Shoals:2)
  Kirke (D:12)
  2 nagarajas
  5 orc warlords
  Nessos (D:12)
  Snorg (D:12)
  4 naga warriors (Snake:1)
  4 hydras
  An ogre mage (D:13)
  A merfolk avatar (Shoals:1)
  A centaur warrior (D:12)
  A satyr (Shoals:2)
  6 boulder beetles
  5 anacondas
  A merfolk aquamancer (Shoals:3)
  7 two-headed ogres
  4 death yaks (Lair:3)
  Urug (Orc:2)
  4 orc high priests
  A shock serpent (Snake:1)
  8 naga sharpshooters
  Nergalle (Lair:3)
  A deep elf knight (D:13)
  4 sea snakes
  2 spectral anacondas (Snake:2)
  4 anaconda zombies (Snake:2)
  9 skeletal warriors
  A naga ritualist (Snake:1)
  5 anaconda skeletons (Snake:2)
  3 deep elf pyromancers
  4 orc knights
  8 harpies (Shoals:1)
  4 manticores
  8 fauns
  4 orc sorcerers (Orc:2)
  6 mana vipers
  2 ugly things (D:13)
  9 salamanders
  3 cyclopes
  6 elephants (Lair:5)
  15 black mambas
  A guardian serpent (Snake:1)
  8 naga magi
  2 water nymphs
  A gargoyle (D:12)
  8 cane toads
  4 komodo dragons
  2 unseen horrors
  3 anaconda simulacra (Snake:2)
  6 merfolk
  2 polar bears
  3 trolls
  17 blink frogs
  6 snapping turtles
  5 slime creatures (D:13)
  A dream sheep (Shoals:1)
  2 wraiths (D:12)
  8 yaks
  2 wyverns
  7 water elementals
  A vampire (D:13)
  2 shadows (D:10)
  2 basilisks
  2 steam dragons
  5 hogs (D:12)
  Menkaure (D:6)
  10 vampire mosquitoes
  32 nagas
  9 wargs
  Duvessa (D:6)
  7 water moccasins
  An acid dragon (D:12)
  A hornet zombie (D:5)
  33 orc warriors
  2 sky beasts
  2 black bears
  An ice beast (D:8)
  9 ogres
  17 centaurs
  5 wolves (Lair:3)
  A phantom (D:7)
  2 kobold brigands
  14 bullfrogs
  A gnoll sergeant (D:9)
  3 scorpions
  Dowan (D:6)
  8 killer bees
  10 nameless horrors
  4 wights (D:7)
  5 electric eels
  2 howler monkeys
  4 centaur zombies
  A bullfrog skeleton (D:7)
  A jelly (D:5)
  A gnoll shaman (D:5)
  19 orc priests
  4 hounds
  An iron imp (D:3)
  Jessica (D:3)
  5 centaur skeletons
  4 iguanas (D:5)
  2 scorpion zombies (D:5)
  23 orc wizards
  2 killer bee zombies (D:8)
  A howler monkey zombie (D:5)
  5 gnolls
  6 river rats (Sewer)
  8 adders
  2 ufetubi
  An adder skeleton (D:4)
  2 worms
  2 dart slugs
  71 orcs
  10 bats
  5 endoplasms
  4 hobgoblins
  12 jackals
  3 quokkas
  22 ball pythons
  5 frilled lizards
  10 goblins
  25 kobolds
  30 rats
  3 tentacles (Shoals:2)
737 creatures vanquished.

Vanquished Creatures (collateral kills)
  A merfolk impaler (Shoals:2)
  2 naga warriors (Snake:1)
  A naga sharpshooter (Snake:1)
  An orc high priest (Orc:2)
  2 spectral anacondas (Snake:2)
  An anaconda zombie (Snake:2)
  A naga ritualist (Snake:2)
  2 anaconda skeletons (Snake:2)
  A mana viper (Snake:2)
  2 orc knights (Orc:2)
  2 orc sorcerers
  4 harpies (Shoals:1)
  3 fauns
  3 merfolk sirens
  2 elephants (Lair:5)
  A water nymph (Shoals:2)
  A black mamba (Snake:2)
  A naga mage (Snake:2)
  A troll (Orc:1)
  3 dream sheep (Shoals:1)
  A water elemental (Shoals:2)
  11 nagas
  A warg (Orc:1)
  5 orc warriors
  A centaur (Shoals:2)
  3 orc priests (Orc:2)
  An orc wizard (Orc:2)
  18 orcs
76 creatures vanquished.

Vanquished Creatures (others)
  Asterion (Snake:3)
  A spectral anaconda (Snake:2)
  A water elemental (D:12)
  An orc priest (Orc:2)
  An orc (Orc:2)
  An endoplasm (D:1)
  A hobgoblin (D:1)
  24 fungi
  87 plants
  7 tentacles (Shoals:2)
125 creatures vanquished.

Grand Total: 938 creatures vanquished

Notes
Turn   | Place    | Note
-------+----------+-------------------------------------------
     0 | D:1      | saggybeans the Troll Earth Elementalist began the quest for
                  | the Orb.
     0 | D:1      | Reached XP level 1. HP: 16/16 MP: 1/1
   101 | D:1      | Reached skill level 1 in Unarmed Combat
   180 | D:1      | Reached XP level 2. HP: 16/24 MP: 2/2
   324 | D:1      | Learned a level 2 spell: Passwall
   392 | D:1      | Reached skill level 2 in Unarmed Combat
  1074 | D:2      | Reached XP level 3. HP: 31/31 MP: 3/3
  1220 | D:2      | Reached skill level 3 in Unarmed Combat
  1442 | D:3      | Found a glowing drain.
  1466 | Sewer    | Entered a sewer
  1679 | Sewer    | Reached XP level 4. HP: 40/40 MP: 5/5
  1800 | Sewer    | Learned a level 3 spell: Stone Arrow
  1879 | Sewer    | Reached skill level 1 in Fighting
  1948 | Sewer    | Reached XP level 5. HP: 48/48 MP: 6/6
  2069 | Sewer    | Reached skill level 1 in Throwing
  2093 | Sewer    | Reached skill level 4 in Unarmed Combat
  2093 | Sewer    | Reached skill level 1 in Conjurations
  2093 | Sewer    | Reached XP level 6. HP: 31/57 MP: 1/7
  2340 | D:3      | Found a faded altar of an unknown god.
  2497 | D:3      | Found an iron altar of Okawaru.
  2499 | D:3      | Found a hazy altar of Hepliaklqana.
  2530 | D:3      | Found a snail-covered altar of Cheibriados.
  2615 | D:3      | Noticed Sigmund
  2616 | D:3      | Noticed Jessica
  2678 | D:3      | Killed Jessica
  2760 | D:3      | Became a worshipper of Cheibriados the Contemplative
  2857 | D:4      | Found a staircase to the Ecumenical Temple.
  3103 | D:4      | Reached skill level 1 in Transmutations
  3103 | D:4      | Reached skill level 1 in Invocations
  3103 | D:4      | Reached XP level 7. HP: 58/65 MP: 0/8
  3530 | D:5      | Entered Level 5 of the Dungeon
  3631 | D:5      | Reached * piety under Cheibriados
  3782 | D:5      | Reached skill level 5 in Unarmed Combat
  3835 | D:5      | Reached XP level 8. HP: 29/74 MP: 1/10
  3930 | D:5      | Learned a level 3 spell: Mephitic Cloud
  4029 | D:5      | Found an ornate altar of the Wu Jian Council.
  4695 | D:6      | Noticed Menkaure
  4703 | D:6      | Killed Menkaure
  4704 | D:6      | Reached skill level 1 in Poison Magic
  4816 | D:6      | Noticed Duvessa
  4817 | D:6      | Noticed Dowan
  4828 | D:6      | Reached ** piety under Cheibriados
  4834 | D:6      | Killed Duvessa
  4835 | D:6      | Reached skill level 6 in Unarmed Combat
  4851 | D:6      | Killed Dowan
  5136 | D:6      | Identified the +1 battleaxe of Mekasticw {antimagic, rC+
                  | Stlth+}
  5400 | D:6      | Reached XP level 9. HP: 67/84 MP: 6/11
  5784 | D:7      | Found a hide-covered altar of Uskayaw.
  5784 | D:7      | Found a stormy altar of Qazlal.
  5792 | D:7      | Found a shadowy altar of Dithmenos.
  5794 | D:7      | Found a sacrificial altar of Ru.
  5919 | D:7      | You fall into a shaft and drop 2 floors!
  5937 | D:8      | Found a staircase to the Lair.
  6299 | D:7      | Reached *** piety under Cheibriados
  6300 | D:7      | Reached skill level 7 in Unarmed Combat
  6466 | D:7      | Killed an unseen horror
  6467 | D:7      | Reached skill level 5 in Invocations
  6522 | D:7      | You fall into a shaft and drop 2 floors!
  6844 | D:7      | Found Estre's Jewellery Shoppe.
  7221 | D:8      | Reached skill level 8 in Unarmed Combat
  7381 | D:8      | Found a broken altar of Ashenzari.
  7381 | D:8      | Found an ancient bone altar of Kikubaaqudgha.
  7603 | D:9      | Found a glowing silver altar of Zin.
  7604 | D:9      | Found a burning altar of Makhleb.
  7605 | D:9      | Noticed an angel
  7607 | D:9      | Noticed a balrug
  7855 | D:9      | Reached XP level 10. HP: 80/92 MP: 13/13
  8273 | D:9      | Reached **** piety under Cheibriados
  8774 | D:10     | Entered Level 10 of the Dungeon
  8927 | D:10     | Noticed a two-headed ogre
  9351 | D:10     | Reached skill level 9 in Unarmed Combat
  9454 | D:10     | Noticed a two-headed ogre
  9464 | D:10     | Killed a two-headed ogre
  9465 | D:10     | Reached skill level 5 in Fighting
  9557 | D:10     | Killed a two-headed ogre
  9558 | D:10     | Reached XP level 11. HP: 102/102 MP: 0/15
  9855 | D:11     | Noticed a two-headed ogre
  9943 | D:11     | Noticed a boulder beetle
 10012 | D:11     | Learned a level 5 spell: Lee's Rapid Deconstruction
 10049 | D:11     | Killed a two-headed ogre
 10221 | D:11     | Noticed a skeletal warrior
 10226 | D:11     | Noticed a skeletal warrior
 10228 | D:11     | Noticed a skeletal warrior
 10244 | D:11     | Killed a skeletal warrior
 10245 | D:11     | Reached skill level 5 in Earth Magic
 10360 | D:11     | Found a staircase to the Orcish Mines.
 10468 | D:11     | Noticed a skeletal warrior
 10480 | D:11     | HP: 3/104 [skeletal warrior/+0 trident (9)]
 10690 | D:11     | Reached skill level 5 in Throwing
 11012 | D:11     | Killed a boulder beetle
 11151 | Lair:1   | Entered Level 1 of the Lair of Beasts
 11186 | Lair:1   | Reached ***** piety under Cheibriados
 11650 | Lair:1   | Reached skill level 1 in Armour
 11657 | Lair:1   | Reached skill level 10 in Unarmed Combat
 12059 | Lair:2   | Found a staircase to the Snake Pit.
 12911 | Lair:3   | Noticed a death yak
 12911 | Lair:3   | Noticed a death yak
 12911 | Lair:3   | Noticed a death yak
 12912 | Lair:3   | Noticed a death yak
 12922 | Lair:3   | Killed a death yak
 12923 | Lair:3   | Reached XP level 12. HP: 53/114 MP: 11/16
 12933 | Lair:3   | Killed a death yak
 12941 | Lair:3   | Killed a death yak
 12943 | Lair:3   | Killed a death yak
 13195 | Lair:3   | Reached skill level 5 in Dodging
 13215 | Lair:3   | Noticed Gastronok
 13350 | Lair:4   | Noticed a five-headed hydra
 13358 | Lair:4   | Killed a ten-headed hydra
 13547 | Lair:4   | Found a staircase to the Shoals.
 13780 | D:7      | Bought the amulet of Cemno {Faith rPois rN+ Regen+} for 775
                  | gold pieces
 14051 | Lair:3   | Noticed Nergalle
 14059 | Lair:3   | Killed Nergalle
 14914 | D:12     | Found Puadghes's Assorted Antiques.
 14981 | D:12     | Noticed a boulder beetle
 14991 | D:12     | Killed a boulder beetle
 14992 | D:12     | Reached XP level 13. HP: 99/124 MP: 8/18
 14992 | D:12     | Found a flagged portal.
 15001 | Bailey   | Entered a bailey
 15050 | Bailey   | Learned a level 3 spell: Lesser Beckoning
 15060 | Bailey   | Identified the +6 fustibalus "Jellybane" {flame, rC+ rN+
                  | SInv}
 15405 | Bailey   | Reached ****** piety under Cheibriados
 15696 | D:12     | Noticed Nessos
 15699 | D:12     | Killed Nessos
 15816 | D:12     | Noticed Snorg
 15825 | D:12     | Killed Snorg
 15947 | D:12     | Reached skill level 11 in Unarmed Combat
 16189 | D:12     | Reached skill level 5 in Spellcasting
 16378 | D:12     | Noticed Kirke
 16393 | D:12     | Killed Kirke
 16414 | D:12     | Reached skill level 1 in Translocations
 16432 | D:12     | Learned a level 4 spell: Summon Lightning Spire
 16781 | D:13     | Reached skill level 1 in Air Magic
 17028 | D:13     | Reached skill level 1 in Summonings
 17544 | D:13     | Reached XP level 14. HP: 85/136 MP: 8/20
 18289 | D:13     | Found a gate to the Vaults.
 18552 | Lair:5   | Found a staircase to the Slime Pits.
 19055 | Lair:5   | Identified 2 scrolls of acquirement
 19626 | Orc:1    | Entered Level 1 of the Orcish Mines
 19628 | Orc:1    | Noticed an orc warlord
 19923 | D:11     | Killed an orc warlord
 20113 | Orc:1    | Reached skill level 1 in Evocations
 20135 | Orc:1    | Found Yhoacral's Mass Market.
 20143 | Orc:1    | Bought 4 large rocks for 39 gold pieces
 20486 | Orc:1    | Noticed an orc warlord
 20555 | Orc:1    | Killed an orc warlord
 20575 | Orc:1    | Reached skill level 10 in Invocations
 21039 | Orc:2    | Entered Level 2 of the Orcish Mines
 21136 | Orc:2    | Noticed Urug
 21144 | Orc:2    | Killed Urug
 21149 | Orc:2    | Found a staircase to the Elven Halls.
 21231 | Orc:2    | Noticed an orc warlord
 21233 | Orc:2    | Paralysed by an orc sorcerer for 7 turns
 21341 | Orc:2    | Killed an orc warlord
 21343 | Orc:2    | Reached skill level 12 in Unarmed Combat
 21469 | Orc:2    | Noticed an orc warlord
 21486 | Orc:2    | Killed an orc warlord
 22212 | Orc:2    | Noticed an orc warlord
 22231 | Orc:2    | Killed an orc warlord
 22234 | Orc:2    | Paralysed by an orc sorcerer for 7 turns
 22349 | Orc:2    | Paralysed by an orc sorcerer for 5 turns
 22596 | Orc:2    | Found Rasch's General Store.
 22597 | Orc:2    | Found Atuciof's Jewellery Shop.
 22598 | Orc:2    | Found Buraosio's Antique Armour Shop.
 22598 | Orc:2    | Found Piphawus's Antique Weapon Boutique.
 22614 | Orc:2    | Acquired a staff of earth
 22615 | Orc:2    | Acquired 754 gold pieces
 22621 | Orc:2    | Bought a potion of heal wounds for 70 gold pieces
 22625 | Orc:2    | Bought the ring "Uduequ" {AC+4 Str+2 Dex+5} for 807 gold
                  | pieces
 23113 | Snake:1  | Entered Level 1 of the Snake Pit
 23127 | Snake:1  | Reached XP level 15. HP: 137/143 MP: 19/23
 23291 | Snake:1  | Learned a level 4 spell: Petrify
 23333 | Snake:1  | Found Otoinlio's Antique Weapon Shop.
 23807 | Snake:1  | Reached skill level 5 in Armour
 24074 | Snake:1  | Found Metiss's Magic Scroll Shoppe.
 24095 | Snake:1  | Found Bollut's Antique Armour Emporium.
 24363 | Snake:1  | Bought a scroll of enchant armour for 135 gold pieces
 24363 | Snake:1  | Bought a scroll of teleportation for 54 gold pieces
 24363 | Snake:1  | Bought a scroll of teleportation for 54 gold pieces
 24363 | Snake:1  | Bought a scroll of teleportation for 54 gold pieces
 24904 | Snake:2  | HP: 6/143 [anaconda (12)]
 24905 | Snake:1  | HP: 2/143 [poisoned by a naga mage (splash of poison)]
 24994 | Snake:2  | Found a broken altar of Ashenzari.
 26001 | Snake:2  | Identified the +7 trident of Wu Jian's Respect {protect,
                  | rElec rF+ Stlth-}
 26577 | Snake:2  | Noticed a nagaraja
 26583 | Snake:2  | Killed a nagaraja
 27034 | Snake:3  | Noticed Vashnia
 27142 | Snake:3  | Noticed a nagaraja
 27569 | Snake:3  | Noticed Asterion
 27589 | Snake:3  | Killed Asterion
 27729 | Snake:3  | Killed a nagaraja
 27925 | Snake:3  | Killed Vashnia
 27926 | Snake:3  | Reached XP level 16. HP: 103/154 MP: 14/24
 28009 | Snake:3  | Reached skill level 10 in Throwing
 28629 | Snake:4  | Entered Level 4 of the Snake Pit
 28687 | Snake:4  | Noticed Mara
 28687 | Snake:4  | Noticed Mara
 28688 | Snake:4  | Noticed Mara
 29240 | Shoals:1 | Entered Level 1 of the Shoals
 29483 | Shoals:1 | Reached skill level 13 in Unarmed Combat
 29536 | Shoals:1 | Found a transporter.
 29539 | Shoals:1 | Noticed Josephine
 29558 | Shoals:1 | Found a transporter.
 30499 | Shoals:2 | You fall into a shaft and drop 1 floor!
 30763 | Shoals:2 | Noticed a kraken
 30793 | Shoals:2 | Killed a kraken
 31230 | Shoals:3 | Mangled by a merfolk

Illustrated notes

Levels and vault maps discovered:
D:1:      shiori_arrival_elements, layout_basic, lemuel_flame_loot_1
D:2:      layout_rooms, minmay_pentomino_w4
D:3:      layout_loops_cross, slow_altar_1, grunt_temple_overflow_open,
          cheibrodos_sewer_entry_drain, hellmonk_ecumenical_altar_blasted,
          uniq_jessica, uniq_sigmund, uniq_crazy_yiuf_cottage
D:4:      minmay_evil_eye, layout_basic, minmay_temple_entry_steel_oval
D:5:      cheibrodos_barr_body, layout_gridville, marbit_many_paths,
          chequers_decorated_corner
D:6:      layout_basic, uniq_duvessa, uniq_menkaure
D:7:      layout_loops_ring, chequers_temple_overflow_minitemple, serial_shops,
          nicolae_shop_window_shopping
D:8:      layout_cave_pools, gammafunk_temple_overflow_pools, lair_entry_dummy
D:9:      layout_loops_ring, grunt_temple_overflow_order_and_chaos_2,
          kennysheep_generic_room_7
D:10:     layout_loops_ring, kennysheep_opposing_triangles
D:11:     layout_long_grid, orc_0_dummy
D:12:     layout_basic, serial_shops, shop, enter_bailey_8, uniq_snorg,
          uniq_kirke, uniq_nessos
D:13:     layout_loops_cross, hangedman_vaults_entry_quadrant_bands,
          grunt_ministairs_4, hangedman_decor_lopped, drop_trap
Lair:1:   layout_roguey, grunt_megastairs_4
Lair:2:   layout_cellular_growth, minmay_snake_entry_guardpost_small
Lair:3:   layout_loops_ring, uniq_nergalle, uniq_gastronok
Lair:4:   layout_misc_corridors, minmay_shoals_entry_centaurs,
          hangedman_lair_unloving_vines, beast_lair_carwin_2,
          serial_bayou_shore_a
Lair:5:   layout_regular_city, slime_dummy
Shoals:1: gammafunk_sealed_arena, layout_shoals, uniq_josephine
Shoals:2: layout_shoals, nicolae_shoals_kraken_intersection
Shoals:3: layout_shoals, gammafunk_ghost_grave
Snake:1:  layout_onion_interference, serial_shops, nicolae_shop_crystal,
          drop_trap, minmay_shoptagon
Snake:2:  layout_layer_cave, basic_altar, st_stairs_6, abandoned_shop,
          grunt_ministairs_14, nicolae_snake_dead_anacondas
Snake:3:  layout_honeycomb, uniq_asterion, uniq_vashnia
Snake:4:  grunt_snake_rune_spirals, layout_onion, serial_shops, shop,
          serial_bayou_lagoon_b, uniq_mara
Orc:1:    layout_caves, abandoned_shop, nicolae_orc_sculptors_studio,
          minmay_shop_mass, guppyfry_library_mini
Orc:2:    st_orc_congregation, layout_caves, basic_altar, uniq_urug

Skill      XL: |  1  2  3  4  5  6  7  8  9 10 11 12 13 14 15 16 |
---------------+-------------------------------------------------+-----
Unarmed Combat | 1 2 3 4 5 6 8 9 10 11 12 13 | 13.3
Earth Magic    | 3 4 6 7 8 9 |  9.4
Fighting       | 1 2 3 4 5 6 7 8 9 |  9.4
Throwing       | 1 2 3 4 6 7 9 10 | 10.9
Dodging        | 2 3 4 5 6 7 8 |  8.0
Conjurations   | 1 |  1.0
Transmutations | 1 2 |  2.0
Invocations    | 1 2 4 6 7 8 9 10 | 10.5
Spellcasting   | 2 3 4 5 6 |  6.0
Poison Magic   | 1 2 3 |  3.0
Armour         | 2 4 6 |  6.0
Translocations | 2 |  2.0
Air Magic      | 1 3 4 |  4.0
Summonings     | 1 3 4 |  4.5
Evocations     | 1 2 |  2.0
Stealth        | |  1.0

Action                   |  1- 3 |  4- 6 |  7- 9 | 10-12 | 13-15 | 16-18 || total
-------------------------+-------+-------+-------+-------+-------+-------++-------
Melee: Unarmed           |   138 |   183 |   311 |   418 |   790 |   143 ||  1983
       Punch             |     2 |     2 |    10 |    39 |    81 |    19 ||   153
       Staff             |       |       |       |       |     3 |     1 ||     4
Throw: Dart              |       |     1 |    11 |    18 |     8 |     2 ||    40
       Throwing net      |       |     1 |       |       |     1 |       ||     2
       Stone             |       |     2 |     4 |     4 |     8 |       ||    18
       Boomerang         |       |       |     2 |       |     2 |    19 ||    23
       Large rock        |       |       |       |       |    11 |     8 ||    19
       Javelin           |       |       |       |       |     3 |     1 ||     4
 Cast: Sandblast         |     3 |    18 |    23 |    16 |    52 |    23 ||   135
       Stone Arrow       |       |       |    20 |    27 |    84 |    33 ||   164
       Mephitic Cloud    |       |       |    10 |    26 |    31 |     3 ||    70
       Passwall          |       |       |     3 |    14 |     4 |     2 ||    23
       Lee's Rapid Decon |       |       |       |    11 |    46 |     4 ||    61
       Summon Lightning  |       |       |       |       |    91 |    39 ||   130
       Petrify           |       |       |       |       |     6 |     4 ||    10
       Lesser Beckoning  |       |       |       |       |     2 |     9 ||    11
Invok: Bend Time         |       |       |       |     1 |       |       ||     1
       Slouch            |       |       |       |       |     4 |     1 ||     5
       Temporal Distorti |       |       |       |       |     1 |       ||     1
Evoke: Wand              |       |       |     3 |     9 |    12 |    10 ||    34
  Use: Scroll            |     3 |     5 |     8 |    17 |    17 |     5 ||    55
       Potion            |       |     5 |     5 |     7 |     8 |     1 ||    26
 Stab: Sleeping          |     3 |     1 |     2 |     9 |       |       ||    15
       Confused          |       |       |     3 |    11 |    16 |     1 ||    31
       Distracted        |       |       |       |       |    14 |     3 ||    17
Armor: Robe              |    71 |    86 |   153 |   157 |     7 |       ||   474
       Skin              |       |       |       |     7 |       |       ||     7
       Storm dragon scal |       |       |       |       |   562 |   125 ||   687
Dodge: Dodged            |    93 |   134 |   195 |   287 |   623 |   186 ||  1518

Table legend: (Time is in decaauts)
 A = Elapsed time spent in this place.
 B = Non-inter-level travel time spent in this place.
 C = Inter-level travel time spent in this place.
 D = Time resting spent in this place.
 E = Time spent auto-exploring this place.
 F = Levels seen in this place.
 G = Mean time per level.
                   A        B        C        D        E       F      G
               +--------+--------+--------+--------+--------+-----+--------+
         Total |  44486 |  40133 |   4353 |   8454 |  19053 |  29 | 1534.0 |
       Dungeon |  19797 |  17297 |   2500 |   3046 |   9448 |  13 | 1522.8 |
          Lair |   7866 |   6747 |   1119 |    686 |   4740 |   5 | 1573.2 |
        Shoals |   2821 |   2708 |    113 |    801 |     84 |   3 |  940.3 |
     Snake Pit |   8048 |   7572 |    476 |   2653 |   2789 |   4 | 2012.0 |
  Orcish Mines |   4150 |   4007 |    143 |    800 |   1805 |   2 | 2075.0 |
         Sewer |    958 |    958 |      0 |    186 |    133 |   1 |  958.0 |
        Bailey |    842 |    842 |      0 |    279 |     52 |   1 |  842.0 |
               +--------+--------+--------+--------+--------+-----+--------+

Top non-repeatable levels by time:
 Snake:1: 2952 daAuts
 Snake:2: 2745 daAuts
     D:9: 2600 daAuts
   Orc:2: 2520 daAuts
    D:13: 2494 daAuts
    D:11: 2493 daAuts
    D:12: 2346 daAuts
 Snake:3: 2230 daAuts
    D:10: 1832 daAuts
  Lair:2: 1830 daAuts
   Orc:1: 1630 daAuts
  Lair:5: 1616 daAuts
  Lair:1: 1597 daAuts
     D:6: 1574 daAuts
  Lair:4: 1477 daAuts
